Map: Dusk Towers

Players

Puck (Nina)

  • Race: Protoss Protoss

MaSa - Winner!

  • Race: Terran Terran

Event: DreamHack Open Tours WCS Spring Championship

VOD

Have the link to the VOD?

Description

Time

  • Played on: May 14, 2016, 7:48 a.m.
  • Length: 17:30

All games in this series

Show
View Real Time Build Order
Export as new Build Order

Puck Protoss 

Build Orders: 1 Gate Expand 

Get SALT Encoding   

  12  0:01  Probe (Chrono Boost)  
  13  0:11  Probe (Chrono Boost)  
  14  0:18  Pylon  
  14  0:22  Probe (Chrono Boost)  
  15  0:36  Probe (Chrono Boost)  
  15  0:37  Gateway  
  15  0:42  Assimilator  
  16  0:47  Probe (Chrono Boost)  
  17  0:57  Probe (Chrono Boost)  
  18  1:08  Probe (Chrono Boost)  
  19  1:19  Nexus  
  19  1:23  Probe (Chrono Boost)  
  20  1:33  Cybernetics Core  
  20  1:35  Probe (Chrono Boost)  
  21  1:43  Assimilator  
  21  1:46  Probe (Chrono Boost)  
  22  1:52  Pylon  
  22  1:57  Pylon  
  22  1:59  Probe (Chrono Boost)  
  22  2:11  Mothership Core (Chrono Boost)  
  24  2:17  Stalker  
  26  2:26  Warp Gate  
  26  2:29  Probe (Chrono Boost)  
  27  2:31  Probe (Chrono Boost)  
  28  2:39  Probe (Chrono Boost)  
  28  2:42  Probe (Chrono Boost)  
  30  2:47  Stalker  
  30  2:50  Probe (Chrono Boost)  
  33  2:52  Probe (Chrono Boost)  
  33  2:55  Robotics Facility  
  34  3:01  Probe (Chrono Boost)  
  34  3:03  Probe (Chrono Boost)  
  36  3:09  Assimilator  
  36  3:11  Probe (Chrono Boost)  
  37  3:14  Probe (Chrono Boost)  
  37  3:17  Stalker (Chrono Boost)  
  37  3:18  Assimilator  
  40  3:22  Probe (Chrono Boost)  
  40  3:26  Probe  
  41  3:33  Probe  
  41  3:34  Pylon  
  43  3:37  Probe  
  44  3:45  Probe  
  44  3:50  Probe  
  44  3:53  Observer  
  46  3:57  Probe (Chrono Boost)  
  46  3:58  Robotics Bay  
  46  4:01  Probe (Chrono Boost), Pylon  
  49  4:10  Probe (Chrono Boost)  
  49  4:13  Probe (Chrono Boost)  
  49  4:16  Warp Prism (Chrono Boost)  
  52  4:20  Probe (Chrono Boost)  
  52  4:22  Twilight Council  
  52  4:23  Gateway  
  53  4:25  Probe (Chrono Boost)  
  53  4:28  Gateway  
  53  4:31  Probe (Chrono Boost)  
  55  4:35  Pylon  
  55  4:36  Probe (Chrono Boost)  
  56  4:38  Gravitic Drive  
  56  4:51  Disruptor (Chrono Boost)  
  59  4:52  Stalker  
  59  4:53  Pylon  
  59  4:59  Blink  
  61  5:03  Gateway  
  59  5:09  Stargate  
  58  5:25  Nexus  
  58  5:35  Disruptor (Chrono Boost)  
  61  5:43  Stalker x2  
  65  5:53  Phoenix  
  64  6:05  Probe  
  64  6:06  Probe  
  64  6:08  Disruptor (Chrono Boost)  
  63  6:17  Probe  
  64  6:18  Probe  
  64  6:24  Stalker  
  64  6:25  Stalker  
  71  6:30  Probe x2  
  70  6:36  Probe  
  70  6:37  Pylon  
  70  6:39  Disruptor (Chrono Boost)  
  74  6:42  Probe  
  74  6:43  Probe  
  74  6:46  Probe  
  76  6:53  Forge  
  77  6:57  Probe x2 (Chrono Boost)  
  77  7:00  Probe (Chrono Boost)  
  80  7:02  Pylon  
  80  7:08  Probe (Chrono Boost)  
  80  7:10  Probe (Chrono Boost)  
  80  7:11  Disruptor (Chrono Boost)  
  80  7:12  Probe (Chrono Boost)  
  85  7:17  Gateway  
  85  7:18  Gateway  
  85  7:19  Probe (Chrono Boost)  
  86  7:22  Robotics Facility  
  86  7:23  Probe (Chrono Boost)  
  86  7:25  Probe (Chrono Boost)  
  89  7:30  Probe (Chrono Boost)  
  89  7:33  Probe (Chrono Boost)  
  89  7:34  Pylon  
  89  7:37  Probe (Chrono Boost), Stalker x2  
  91  7:38  Stalker  
  91  7:40  Protoss Ground Armor Level 1  
  91  7:43  Pylon  
  97  7:44  Probe x2 (Chrono Boost)  
  97  7:48  Observer (Chrono Boost)  
  101  7:53  Assimilator  
  101  7:54  Assimilator  
  101  7:55  Probe  
  101  7:56  Probe  
  101  7:57  Pylon  
  103  7:59  Pylon  
  103  8:01  Stalker x2  
  106  8:14  Disruptor (Chrono Boost)  
  109  8:24  Stalker x5  
  109  8:25  Disruptor (Chrono Boost)  
  122  8:27  Photon Cannon  
  122  8:35  Photon Cannon  
  122  8:43  Photon Cannon  
  122  8:47  Photon Cannon, Stalker  
  122  8:48  Stalker x2  
  128  8:49  Stalker  
  130  8:56  Stalker x2  
  130  9:02  Pylon  
  134  9:04  Disruptor (Chrono Boost)  
  137  9:14  Disruptor (Chrono Boost)  
  140  9:20  Pylon  
  140  9:21  Nexus  
  140  9:23  Pylon  
  139  9:34  Stalker  
  139  9:35  Disruptor (Chrono Boost), Stalker x3  
  147  9:38  Stalker  
  147  9:40  Protoss Ground Armor Level 2 (Chrono Boost)  
  149  9:49  Fleet Beacon  
  146  9:58  Stalker x3  
  146  9:59  Stalker  
  152  10:12  Photon Cannon  
  147  10:16  Disruptor  
  145  10:23  Stalker x4  
  145  10:26  Stargate  
  146  10:48  Disruptor  
  146  10:52  Disruptor  
  146  10:54  Tempest  
  153  11:23  Tempest  
  153  11:24  Disruptor  
  160  11:30  Assimilator  
  160  11:35  Assimilator  
  160  11:36  Tempest  
  160  11:38  Photon Cannon  
  158  11:41  Pylon  
  139  12:06  Tempest  
  123  12:12  Stalker  
  123  12:13  Stalker x5  
  133  12:19  Tempest  
  137  12:29  Protoss Ground Weapons Level 1 (Chrono Boost)  
  137  12:35  Photon Cannon  
  134  12:38  Photon Cannon  
  134  12:49  Tempest, Disruptor  
  132  13:00  Disruptor  
  132  13:02  Tempest  
  139  13:11  Stalker x2  
  139  13:12  Stalker x3  
  149  13:18  Photon Cannon  
  149  13:20  Photon Cannon  
  149  13:30  Stalker  
  149  13:32  Tempest  
  146  13:44  Stalker x4  
  146  13:45  Tempest, Stalker  
  160  13:52  Disruptor  
  160  13:53  Disruptor  
  156  14:12  Stalker x5  
  164  14:23  Stalker  
  160  14:28  Disruptor  
  159  14:38  Pylon  
  123  15:01  Disruptor  
  123  15:03  Disruptor  
  123  15:06  Stalker  
  128  15:07  Stalker x4  
  128  15:14  Nexus  
  119  15:43  Tempest x2  
  127  16:19  Disruptor x2  
  133  16:26  Tempest  
  134  17:06  Pylon  
  134  17:08  Assimilator  
  134  17:09  Nexus  
  134  17:10  Pylon  
  134  17:12  Stalker x3  
  134  17:15  Assimilator  
Show
View Real Time Build Order
Export as new Build Order

MaSa Terran - Winner!

Build Orders: Liberator Opening, Reaper Expand, MMM Bio 

Get SALT Encoding   

  12  0:00  SCV  
  13  0:12  SCV  
  14  0:17  Supply Depot  
  14  0:25  SCV  
  14  0:27  Refinery  
  15  0:39  SCV  
  16  0:44  Barracks  
  16  0:51  SCV  
  17  1:03  SCV  
  18  1:15  SCV  
  19  1:30  Supply Depot  
  19  1:33  Orbital Command, Reaper  
  20  1:59  Command Center  
  20  2:00  SCV  
  21  2:09  Factory, Barracks Reactor  
  21  2:14  SCV  
  22  2:26  SCV  
  23  2:38  Refinery, SCV  
  24  2:50  SCV  
  25  2:54  Starport  
  25  2:59  Hellion x2  
  25  3:04  SCV  
  30  3:13  Liberator  
  30  3:16  SCV  
  30  3:17  Orbital Command  
  31  3:26  Marine x2  
  33  3:30  Widow Mine  
  33  3:33  SCV  
  37  3:49  SCV  
  37  3:51  Command Center  
  37  3:53  Marine x2  
  37  3:57  SCV  
  37  3:59  Factory Tech Lab  
  38  4:03  SCV  
  38  4:07  Barracks  
  38  4:09  Barracks  
  39  4:11  Marine  
  39  4:16  Supply Depot  
  40  4:19  SCV x2  
  40  4:24  Viking  
  44  4:35  SCV x2  
  44  4:38  Siege Tank  
  49  4:41  Supply Depot  
  49  4:43  Engineering Bay  
  49  4:44  Marine  
  49  4:45  Marine  
  51  4:48  SCV  
  51  4:49  SCV  
  53  4:57  Barracks Tech Lab  
  53  4:58  Barracks Tech Lab  
  53  5:01  SCV  
  53  5:02  Medivac  
  53  5:03  Refinery  
  53  5:05  Supply Depot, Marine  
  57  5:09  Orbital Command  
  57  5:11  SCV  
  58  5:19  Siege Tank  
  61  5:22  Marine, Stimpack, Missile Turret  
  61  5:27  SCV, Missile Turret  
  63  5:29  SCV  
  63  5:34  Medivac  
  66  5:37  Marine  
  66  5:38  Marauder  
  66  5:39  SCV  
  70  5:43  Refinery  
  70  5:44  SCV  
  70  5:45  SCV  
  70  5:48  Marine  
  73  5:51  SCV  
  73  5:55  Siege Tank  
  71  6:05  SCV  
  71  6:06  Marine  
  71  6:07  SCV, Marauder  
  71  6:10  Barracks  
  71  6:11  Marine, Barracks  
  76  6:12  Starport Reactor  
  76  6:16  Supply Depot  
  76  6:17  Terran Infantry Weapons Level 1  
  77  6:18  Marine  
  77  6:21  SCV  
  77  6:23  SCV  
  77  6:24  Marine  
  81  6:27  Orbital Command  
  81  6:29  Supply Depot, Marauder  
  83  6:33  SCV  
  83  6:35  SCV  
  83  6:37  Marine  
  83  6:39  Factory Reactor  
  83  6:41  Marine  
  83  6:45  Refinery, SCV  
  83  6:46  Marine, Missile Turret  
  84  6:47  SCV  
  84  6:50  Marauder  
  84  6:52  Medivac x2  
  91  6:55  SCV  
  91  6:57  SCV, Marine  
  91  7:00  Marauder  
  96  7:04  Supply Depot  
  96  7:06  Barracks Tech Lab  
  96  7:09  SCV, Barracks Tech Lab  
  96  7:12  Marine  
  96  7:13  SCV, Marauder, Liberator  
  101  7:16  Liberator  
  101  7:18  Supply Depot  
  101  7:23  Supply Depot, Refinery  
  101  7:26  SCV, Starport  
  101  7:36  SCV  
  108  7:38  SCV  
  108  7:42  Supply Depot  
  109  7:47  Combat Shields  
  109  7:48  SCV  
  109  7:50  Marine  
  109  7:51  Marauder x2, Marine, Fusion Core  
  116  7:54  SCV, Marauder  
  116  7:56  Liberator  
  116  7:57  SCV  
  116  7:58  Supply Depot  
  120  8:00  Marine  
  120  8:01  Marine  
  120  8:03  SCV  
  123  8:06  SCV, Starport Tech Lab  
  123  8:11  Liberator, Terran Infantry Armor Level 1  
  124  8:13  SCV, Liberator  
  124  8:14  Marine x2  
  124  8:15  SCV  
  124  8:17  Marauder  
  135  8:20  Marauder  
  135  8:22  Supply Depot x2  
  141  8:37  Marine  
  141  8:40  Supply Depot  
  141  8:41  Liberator  
  141  8:43  Marauder x2, Marine x3  
  141  8:45  SCV  
  141  8:46  Supply Depot  
  149  8:49  Advanced Ballistics  
  149  8:50  Concussive Shells  
  149  8:56  SCV x2, Marauder  
  156  9:02  Liberator  
  156  9:05  Marauder  
  156  9:06  Marauder, Marine x3  
  156  9:08  Marine  
  163  9:18  Marauder  
  163  9:19  Supply Depot  
  163  9:24  Armory, Marine, Liberator, Engineering Bay  
  169  9:27  Barracks  
  169  9:30  Liberator  
  169  9:33  Marine x2  
  171  9:44  Command Center  
  173  9:50  Marine  
  173  9:51  Marine  
  178  9:56  Liberator  
  178  9:59  Marauder, Marine  
  181  10:06  Marauder  
  181  10:07  Liberator  
  180  10:09  Supply Depot  
  180  10:12  Supply Depot, Marauder  
  180  10:16  Marine x2  
  180  10:20  Marauder  
  173  10:21  Terran Infantry Weapons Level 2  
  173  10:25  Terran Infantry Armor Level 2  
  173  10:28  Marauder  
  178  10:29  Liberator  
  177  10:38  Marine  
  177  10:39  Marauder  
  177  10:42  Marauder  
  177  10:45  Marine  
  177  10:46  Marine x2  
  177  10:49  Marauder  
  170  10:51  Marauder  
  170  10:56  Marine  
  173  11:00  Marauder, Liberator  
  173  11:02  Marine  
  173  11:03  Marine x2  
  178  11:09  Marine  
  178  11:10  Refinery  
  178  11:11  Marauder  
  176  11:13  Marauder  
  181  11:21  Marauder  
  181  11:22  Marauder  
  181  11:24  Medivac, Liberator  
  187  11:28  Terran Ship Weapons Level 1  
  187  11:37  Liberator  
  181  11:42  Marine, Liberator  
  181  11:43  Marauder x2, Marine x2  
  191  11:52  Marauder, Marine  
  183  12:02  Marauder, Marine  
  183  12:04  Marauder x2, Marine x2  
  183  12:07  Liberator  
  178  12:10  Marine  
  178  12:14  Marauder  
  164  12:20  Orbital Command  
  164  12:23  Marauder  
  164  12:25  Liberator  
  167  12:37  Viking  
  167  12:38  Marauder, Command Center  
  169  12:46  Marine  
  169  12:47  Marine x2  
  169  12:50  Starport, Barracks  
  172  12:57  Marine  
  172  12:58  Marauder  
  151  13:00  Marauder, Marine  
  151  13:07  Viking x2  
  151  13:09  Terran Infantry Weapons Level 3  
  155  13:16  Refinery  
  155  13:18  Terran Infantry Armor Level 3  
  155  13:25  Medivac, Marauder x2  
  155  13:26  Marine  
  162  13:30  Marauder  
  162  13:36  Marine  
  162  13:37  Marauder, Marine  
  158  13:45  Marine x2  
  158  13:46  Marauder x2  
  164  13:51  Marauder  
  164  13:53  Viking x2  
  164  13:55  SCV  
  165  14:05  Marauder, Marine  
  165  14:07  Viking, Marauder  
  165  14:09  Marine  
  168  14:10  Marauder  
  169  14:23  Viking x2  
  170  14:24  Marine x2  
  170  14:26  Marine x2  
  170  14:27  Marauder x2  
  172  14:32  Marauder, Marine  
  172  14:37  Marauder  
  168  14:42  Marine x2  
  168  14:44  Medivac x2, Marine x2  
  174  14:48  Marauder x2  
  174  14:49  Marine  
  159  14:53  Medivac, Marauder  
  159  14:59  Marauder  
  157  15:00  Marine x2  
  157  15:03  Marine  
  157  15:04  Starport Reactor, Barracks Reactor  
  157  15:05  Widow Mine  
  160  15:07  Marine  
  160  15:09  Marine  
  160  15:10  Marauder  
  160  15:13  Orbital Command  
  164  15:15  Marauder, Missile Turret  
  164  15:18  Marine x2  
  164  15:20  Marauder, Marine  
  170  15:27  Marauder  
  155  15:28  Marine  
  155  15:29  Viking  
  155  15:31  Marauder  
  155  15:33  Widow Mine  
  147  15:35  Marine  
  147  15:36  Marauder, Marine  
  147  15:38  Marine  
  147  15:42  Marauder, Marine  
  144  15:43  Viking  
  144  15:46  Marine  
  144  15:47  Marine  
  144  15:49  Marauder  
  145  15:51  Viking  
  145  15:52  Marauder  
  145  15:53  Marine  
  145  15:55  Viking  
  152  15:57  Viking, Marauder  
  152  16:02  Viking  
  158  16:04  Marauder  
  158  16:10  Marauder  
  158  16:12  Marine  
  158  16:13  Marine  
  158  16:14  Marauder  
  158  16:16  Viking  
  161  16:19  Marauder  
  161  16:21  Viking  
  161  16:22  Marine x2  
  161  16:23  Marine  
  161  16:25  SCV x3, Viking, Marauder  
  174  16:28  Marine  
  174  16:30  Marine  
  174  16:32  Marauder, Marine  
  179  16:35  Marauder  
  178  16:40  Marine  
  178  16:41  Marauder  
  178  16:45  Viking x2  
  178  16:47  Marauder  
  184  16:50  Marine x3, Orbital Command  
  184  16:53  Marauder  
  189  16:55  Marine  
  189  16:56  Marauder  
  195  17:02  Marauder  
  195  17:03  Marine x2  
  195  17:07  Refinery  
  195  17:08  Marine  

Tags
 
Add a new tag
Caveats
  • Supply blocks, unpowered buildings, or Contaminate may cause inaccurate times.
  • Supply counts are checked every 10 seconds.